 Dungeon Crawl Stone Soup version 0.29.0-4-gdea44cf6ec (webtiles) character file.

Game seed: 14609813489693492392

30 qw the Chopper (level 3, 0/21 HPs)
             Began as a Tengu Warper on Aug 28, 2022.
             Succumbed to an adder's poison
             ... on level 2 of the Dungeon.
             The game lasted 00:00:07 (1784 turns).

qw the Chopper (Tengu Warper)                       Turns: 1784, Time: 00:00:08

Health: 0/21       AC:  3    Str: 13    XL:     3   Next: 18%
Magic:  7/7        EV: 12    Int: 13    God:
Gold:   0          SH:  0    Dex: 13    Spells: 6/6 levels left

rFire   . . .      SeeInvis .   Y - +0 hand axe
rCold   . . .      Faith    .   (no shield)
rNeg    . . .      Spirit   .   b - +0 leather armour
rPois   .          Reflect  .   (helmet restricted)
rElec   .          Harm     .   (no cloak)
rCorr   .          Rampage  .   (no gloves)
Will    .....                   (boots unavailable)
Stlth   +.........              (no amulet)
HPRegen 0.07/turn               (no ring)
MPRegen 0.10/turn               (no ring)

@: lethally poisoned (0 -> -1)
A: beak, talons 3
a: no special abilities


You were on level 2 of the Dungeon.
You visited 1 branch of the dungeon, and saw 2 of its levels.


Innate Abilities, Weirdness & Mutations

You have a beak for a mouth.
You have claws for feet.


   Skills:
 - Level 2.0 Fighting
 + Level 3.9 Axes
 - Level 1.0 Throwing
 - Level 1.1 Armour
 - Level 2.1 Dodging
 - Level 2.0 Spellcasting
 - Level 2.4 Translocations


You had 6 spell levels left.
You didn't know any spells.
Your spell library contained the following spells:

 Spells                   Type           Power      Damage    Failure   Level
 Blink                    Tloc           14%        N/A       19%         2
 Gell's Gravitas          Tloc           7%         N/A       36%         3
 Lesser Beckoning         Tloc           7%         N/A       36%         3
 Teleport Other           Tloc           7%         N/A       36%         3
 Manifold Assault         Tloc           7%         N/A       98%         5

Inventory:

Hand Weapons
 f - a +0 whip
 Y - a +0 hand axe (weapon)
Armour
 b - a +0 leather armour (worn)
 c - a +1 cloak
Potions
 a - a potion of resistance {unknown}

Dungeon Overview and Level Annotations

Branches:
Dungeon (2/15)

Altars:

Shops:
D:1 ?


Message History

c - a +1 cloak An adder comes into view.
The adder hisses angrily.
You barely miss the adder. Your kick misses the adder.
The adder barely misses you.
You completely miss the adder. The adder misses you. x2
You barely miss the adder. The adder bites you.
You are poisoned.
The adder poisons you!
You closely miss the adder. You claw the adder.
The adder is heavily wounded.
You feel sick. The adder barely misses you.
You hit the adder.
The adder is severely wounded.
You feel sick. The adder barely misses you. The adder bites you.
You are more poisoned.
The adder poisons you!
You closely miss the adder. Your kick misses the adder.
The adder is severely wounded.
You feel sick. The adder misses you.
You closely miss the adder.
The adder is severely wounded.
You feel sick. The adder barely misses you. The adder bites you.
You miss the adder.
The adder is severely wounded.
You feel sick. The adder misses you.
You closely miss the adder.
The adder is severely wounded.
You feel sick. The adder bites you.
You barely miss the adder. Your peck misses the adder.
The adder is severely wounded.
You feel sick. The adder misses you. The adder barely misses you.
You hit the adder but do no damage. Your kick misses the adder.
The adder is severely wounded.
You feel sick. The adder bites you but does no damage.
You barely miss the adder. You peck the adder.
The adder is almost dead.
You die...

.............###
#......##......
............#######
#...............###
##.....)........)..#
#........#######.#..
#.#...###.###.###.#..
#...###.##...#.....
#.@##............#.
#.S##............<.
#..................
#..##..............
#..##....).........
#..####.##...###...
#..# #.###........
.... ......####... ..
#..#


You could see an adder.

Vanquished Creatures
  A dart slug (D:2)
  A ball python (D:1)
  2 bats (D:1)
  2 endoplasms (D:1)
  A goblin (D:2)
  5 hobgoblins
  4 jackals (D:1)
  A kobold (D:1)
  2 frilled lizards
  6 rats (D:1)
25 creatures vanquished.

Notes
Turn   | Place    | Note
-------+----------+-------------------------------------------
     0 | D:1      | qw the Tengu Warper began the quest for the Orb.
     0 | D:1      | Reached XP level 1. HP: 12/12 MP: 4/4
     0 | D:1      | 0 ||| qw: Version: 0.1-a-89-g26bdef1
     0 | D:1      | 0 ||| qw: Game counter: 2805
     0 | D:1      | 0 ||| qw: Always use a shield: true
     0 | D:1      | 0 ||| qw: God list: Okawaru
     0 | D:1      | 0 ||| qw: Allow faded altars: false
     0 | D:1      | 0 ||| qw: Do Orc after D:15 true
     0 | D:1      | 0 ||| qw: Do second Lair branch before Depths: true
     0 | D:1      | 0 ||| qw: Lair rune preference: random
     0 | D:1      | 0 ||| qw: Plans: Normal
     0 | D:1      | 0 ||| PLANNING D:1-11
    80 | D:1      | 80 ||| Stepping ~*~*~tactically~*~*~ (stealth).
   392 | D:1      | Reached skill level 3 in Axes
   392 | D:1      | Reached XP level 2. HP: 17/17 MP: 6/6
   705 | D:1      | Found Seivos's Magic Scroll Emporium.
   715 | D:1      | 715 ||| SHOPLISTING 2 scrolls of teleportation (66 gold,
                  | have 0).
   715 | D:1      | 715 ||| SHOPLISTING scroll of enchant armour (82 gold, have
                  | 0).
   715 | D:1      | 715 ||| SHOPLISTING scroll of identify (22 gold, have 0).
   715 | D:1      | 715 ||| SHOPLISTING scroll of teleportation (33 gold, have
                  | 0).
   771 | D:1      | 771 ||| READING scroll labelled OTUL WAEDWAWE.
  1026 | D:1      | Reached XP level 3. HP: 16/21 MP: 7/7
  1107 | D:1      | Found a faded altar of an unknown god.
  1365 | D:1      | 1365 ||| DRINKING 2 cyan potions.
  1366 | D:1      | 1366 ||| DRINKING 2 metallic pink potions.
  1414 | D:1      | 1414 ||| DROPPING scroll of blinking.
  1415 | D:1      | 1415 ||| DROPPING potion of attraction.
  1416 | D:1      | 1416 ||| DROPPING potion of lignification.
  1518 | D:2      | 1518 ||| STAIRDANCE
  1557 | D:2      | 1557 ||| Stepping ~*~*~tactically~*~*~ (hiding).
  1781 | D:2      | HP: 3/21 [adder (3)]
  1783 | D:2      | HP: 1/21 [poisoned by an adder]
  1784 | D:2      | Succumbed to an adder's poison

Levels and vault maps discovered:
D:1:      tarquinn_simple_flora_water_b, layout_loops_ring,
          shapermc_ecumenical_altar_hornbeckon, serial_shops, shop,
          dreamdust_princess_bridge, hangedman_glass_teeth
D:2:      layout_loops_ring

Skill      XL: |  1 |
---------------+----+-----
Axes           | 3 |  3.9
Fighting       | |  2.0
Throwing       | |  1.0
Armour         | |  1.1
Dodging        | |  2.1
Spellcasting   | |  2.0
Translocations | |  2.4

Action                   || total
-------------------------++-------
Melee: Hand axe          ||    66
       Kick              ||    15
       Peck              ||     4
Throw: Boomerang         ||     7
  Use: Scroll            ||     1
       Potion            ||     2
Armor: Leather armour    ||    17
Dodge: Dodged            ||    23

Table legend:
 A = Non-vault XP
 B = Vault XP
 C = Vault XP percentage of total XP
 D = Non-vault monster count
 E = Vault monster count
 F = Vault count percentage of total count
                 A         B        C        D         E       F
            +---------+---------+-------+---------+---------+-------
      Total |      43 |       0 |   0.0 |      25 |       0 |   0.0
            +---------+---------+-------+---------+---------+-------
        D:1 |      34 |       0 |   0.0 |      21 |       0 |   0.0
        D:2 |       9 |       0 |   0.0 |       4 |       0 |   0.0
            +---------+---------+-------+---------+---------+-------
